 Dungeon Crawl Stone Soup version 0.20.1-1-g8b1a95d (webtiles) character file.

10073 equalderp2856 the Cleaver (level 11, -1/95 HPs)
             Began as a Minotaur Fighter on Sept 6, 2017.
             Slain by Snorg (12 damage)
             ... on level 9 of the Dungeon.
             The game lasted 00:19:35 (8850 turns).

equalderp2856 the Cleaver (Minotaur Fighter)        Turns: 8850, Time: 00:19:36

Health: -1/95      AC: 14    Str: 22    XL:     11   Next: 31%
Magic:  10/10      EV: 17    Int:  6    God:
Gold:   482        SH: 18    Dex: 16    Spells: 10/10 levels left

rFire    . . .     SeeInvis +   S - +3 war axe
rCold    . . .     Gourm    .   c - +0 shield
rNeg     . . .     Faith    .   n - +3 scale mail
rPois    .         Spirit   .   G - +0 hat
rElec    .         Reflect  +   v - +0 cloak
rCorr    .         Harm     .   g - +1 pair of gloves
MR       +....                  (no boots)
Stlth    ++........             i - +5 amulet of reflection
Regen    0.3/turn               H - ring of see invisible
MPRegen  0.2/turn               k - ring of protection from magic

@: agile, about to teleport
A: retaliatory headbutt, horns 2
a: no special abilities


You were on level 9 of the Dungeon.
You were near starving.

You visited 1 branch of the dungeon, and saw 10 of its levels.

You collected 482 gold pieces.

Inventory:

Hand Weapons
 a - a +1 war axe
 l - a +2 war axe
 A - a -1 hand axe
 D - a +0 trident
 L - a +0 spear of piercing
 S - a +3 war axe (weapon)
Armour
 b - a +0 scale mail
 c - a +0 shield (worn)
 g - a +1 pair of gloves (worn)
 n - a +3 scale mail (worn)
 u - a +0 pair of gloves
 v - a +0 cloak (worn)
 x - a cursed +0 leather armour
 G - a +0 hat (worn)
Jewellery
 i - a +5 amulet of reflection (around neck)
 k - a ring of protection from magic (right hand)
 m - an uncursed amulet of rage
 y - a +2 amulet of reflection
 H - a ring of see invisible (left hand)
 J - an uncursed amulet of the gourmand
Wands
 w - a wand of digging (21/24)
 Q - a wand of confusion (29/48)
Scrolls
 t - a scroll of amnesia
 C - a scroll of teleportation
 O - 3 scrolls of random uselessness {unknown}
 P - a scroll of magic mapping {unknown}
Potions
 d - a potion of might
 e - 5 potions of curing
 o - 4 potions of brilliance
 p - a potion of degeneration
 q - 2 potions of agility
 r - a potion of magic {unknown}
 s - a potion of haste {unknown}
 z - 6 potions of cancellation
 B - a potion of heal wounds {unknown}
 E - a potion of flight {unknown}
 K - a potion of mutation {unknown}
 M - a potion of invisibility {unknown}
Books
 h - a book of Misfortune

   Spells                             Type                      Level
   a - Confusing Touch                Hexes                        1
   b - Confuse                        Hexes                        3
   c - Gell's Gravitas                Translocation                3
   d - Petrify                        Transmutation/Earth          4
   e - Metabolic Englaciation         Hexes/Ice                    5
   f - Yara's Violent Unravelling     Hexes/Transmutation          5
 N - a book of Necromancy

   Spells                             Type                      Level
   a - Pain                           Necromancy                   1
   b - Animate Skeleton               Necromancy                   1
   c - Vampiric Draining              Necromancy                   3
   d - Regeneration                   Charms/Necromancy            3
   e - Animate Dead                   Necromancy                   4
   f - Control Undead                 Necromancy                   4
Comestibles
 f - 3 bread rations
 j - 8 meat rations
 F - a royal jelly
 I - 6 fruits


   Skills:
 + Level 8.7 Fighting
 + Level 12.9 Axes
 + Level 7.9 Armour
 + Level 4.5 Dodging
 + Level 1.3 Stealth
 + Level 12.2 Shields


You had 10 spell levels left.
You didn't know any spells.

Dungeon Overview and Level Annotations

Branches:
Dungeon (10/15)            Temple (0/1) D:5             Orc (0/2) D:10
   Lair: D:8-11

Altars:
Ashenzari
Cheibriados
Dithmenos
Elyvilon
Gozag
Hepliaklqana
Okawaru
Qazlal
Sif Muna
Trog
Uskayaw
Vehumet
Xom
Yredelemnul
The Shining One

Annotations:
D:9 Snorg


Innate Abilities, Weirdness & Mutations

You reflexively headbutt those who attack you in melee.
You have a pair of horns on your head.


Message History

Snorg bites you! Snorg misses you. Snorg closely misses you.
You slash Snorg! You headbutt Snorg!
Snorg is heavily wounded.
You block Snorg's attack. x2; Snorg claws you.
You block Snorg's attack. x2
Snorg barely misses you.
You hit Snorg. You headbutt Snorg.
Snorg is severely wounded.
Snorg bites you!!
* * * LOW HITPOINT WARNING * * *
You block Snorg's attack. Snorg misses you.
You feel better. You block Snorg's attack. Snorg claws you!
* * * LOW HITPOINT WARNING * * *
Snorg claws you!
* * * LOW HITPOINT WARNING * * *
As you read the scroll of teleportation, it crumbles to dust.
You feel strangely unstable. You block Snorg's attack.
Snorg claws you but does no damage. You block Snorg's attack. Snorg misses you.
You block Snorg's attack. x2
You block Snorg's attack. Snorg misses you. Snorg claws you!
You die...

#### ...#
########### ...#
#.........# ...#
#.##.####.#
...####.##.# #.#
........##.# #.###
......####.####.@>#
...####.......###T#
...###.........##.#
#####...........#.#
#......†....#.#
#...##.##...#.#
#....###....#.#
##.........##.#
######...._..).##.#


You could see Snorg (berserk).

Vanquished Creatures
  Gastronok (D:9)
  An unseen horror (D:9)
  Pikel (D:8)
  The ghost of Agrougrou the Thaumaturge, a novice DEFE of Vehumet (D:6)
  A moth of wrath (D:9)
  2 hellwings (D:7)
  A vampire (D:10)
  4 yaks (D:9)
  Menkaure (D:6)
  A hungry ghost (D:9)
  A water moccasin (D:8)
  2 orc warriors
  An ice beast (D:8)
  2 sky beasts
  2 slaves (D:8)
  A phantom (D:7)
  4 ogres
  2 centaurs
  5 bullfrogs
  2 gnoll sergeants
  2 wyvern skeletons
  3 scorpions
  5 killer bees (D:6)
  A howler monkey (D:4)
  3 wights (D:10)
  4 crimson imps
  A bullfrog zombie (D:8)
  5 centaur zombies
  A quasit (D:8)
  A gnoll shaman (D:5)
  4 orc priests
  3 hounds
  A jelly (D:6)
  2 bullfrog skeletons
  2 orc wizards
  6 centaur skeletons
  Ijyb (D:4)
  2 iguanas
  5 worker ants
  A hound zombie (D:7)
  3 hound skeletons
  15 gnolls
  7 adders
  5 shadow imps
  An ooze (D:3)
  An adder zombie (D:5)
  2 adder skeletons
  6 worms
  2 dart slugs
  5 leopard geckos
  19 orcs
  3 giant cockroaches
  6 goblins
  7 hobgoblins
  9 jackals
  5 kobolds
  8 quokkas
  A ball python (D:3)
  3 bats
  4 frilled lizards
  A leopard gecko skeleton (D:6)
  A quokka skeleton (D:5)
  17 rats
220 creatures vanquished.

Vanquished Creatures (others)
  A slave (D:8)
  3 centaurs
  A howler monkey (D:5)
  An orc priest (D:8)
  2 orc wizards (D:3)
  A worker ant (D:8)
  3 orcs
  A giant cockroach (D:5)
  A frilled lizard (D:5)
  A withered plant (D:7)
15 creatures vanquished.

Grand Total: 235 creatures vanquished

Notes
Turn   | Place    | Note
-------+----------+-------------------------------------------
     0 | D:1      | equalderp2856 the Minotaur Fighter began the quest for the Orb.
     0 | D:1      | Reached XP level 1. HP: 19/19 MP: 0/0
   298 | D:1      | Reached XP level 2. HP: 27/27 MP: 1/1
   675 | D:1      | Reached XP level 3. HP: 33/33 MP: 2/2
  1172 | D:2      | Found a shattered altar of Ashenzari.
  1325 | D:2      | Found a white marble altar of Elyvilon.
  1730 | D:3      | Reached XP level 4. HP: 41/41 MP: 3/3
  2269 | D:3      | Found a hide-covered altar of Uskayaw.
  2269 | D:3      | Found a radiant altar of Vehumet.
  2298 | D:3      | Found a deep blue altar of Sif Muna.
  2328 | D:3      | Reached skill level 1 in Dodging
  2403 | D:4      | Reached skill level 5 in Shields
  2403 | D:4      | Reached XP level 5. HP: 47/47 MP: 4/4
  2524 | D:4      | Noticed Ijyb
  2539 | D:4      | Killed Ijyb
  2613 | D:4      | Reached XP level 6. HP: 49/55 MP: 5/5
  2623 | D:4      | Reached skill level 5 in Fighting
  2965 | D:4      | Found a hazy altar of Hepliaklqana.
  2985 | D:4      | Noticed an orc warrior
  3004 | D:4      | Killed an orc warrior
  3004 | D:4      | Reached skill level 5 in Axes
  3008 | D:4      | Reached skill level 5 in Armour
  3062 | D:4      | Reached XP level 7. HP: 61/61 MP: 6/6
  3128 | D:5      | Entered Level 5 of the Dungeon
  3242 | D:5      | Found a staircase to the Ecumenical Temple.
  3415 | D:5      | Found an opulent altar of Gozag.
  3653 | D:5      | Found a shimmering altar of Xom.
  3661 | D:5      | Reached XP level 8. HP: 70/70 MP: 7/7
  4025 | D:6      | Found a stormy altar of Qazlal.
  4026 | D:6      | Noticed Menkaure
  4035 | D:6      | Killed Menkaure
  4261 | D:6      | Noticed Agrougrou's ghost (novice DEFE)
  4268 | D:6      | Killed Agrougrou's ghost
  4626 | D:6      | Reached XP level 9. HP: 77/78 MP: 8/8
  4763 | D:7      | Found a glowing golden altar of the Shining One.
  5091 | D:7      | Reached skill level 10 in Axes
  5135 | D:7      | Noticed a hellwing
  5156 | D:7      | Reached skill level 10 in Shields
  5156 | D:7      | Reached XP level 10. HP: 71/86 MP: 9/9
  5681 | D:7      | Found a snail-covered altar of Cheibriados.
  6224 | D:8      | Noticed Pikel
  6321 | D:8      | Killed Pikel
  6534 | D:8      | Found a basalt altar of Yredelemnul.
  7269 | D:8      | Reached skill level 1 in Stealth
  7528 | D:9      | Noticed Gastronok
  7677 | D:9      | Killed Gastronok
  7677 | D:9      | Reached XP level 11. HP: 59/95 MP: 10/10
  7924 | D:9      | Found a shadowy altar of Dithmenos.
  8153 | D:9      | Found a bloodstained altar of Trog.
  8259 | D:9      | Found an iron altar of Okawaru.
  8363 | D:10     | Entered Level 10 of the Dungeon
  8373 | D:10     | Noticed Snorg
  8465 | D:10     | Found a staircase to the Orcish Mines.
  8532 | D:10     | Noticed an unseen horror
  8532 | D:10     | Noticed an unseen horror
  8570 | D:9      | Killed an unseen horror
  8850 | D:9      | Slain by Snorg

Skill      XL: |  1  2  3  4  5  6  7  8  9 10 11 |
---------------+----------------------------------+-----
Fighting       | 4 5 6 7 8 |  8.7
Axes           | 3 4 5 7 9 11 12 | 12.9
Shields        | 4 5 7 8 10 11 12 | 12.2
Armour         | 4 5 6 7 |  7.9
Dodging        | 1 2 3 4 |  4.5
Stealth        | 1 |  1.3

Action                   |  1- 3 |  4- 6 |  7- 9 | 10-12 || total
-------------------------+-------+-------+-------+-------++-------
Melee: War axe           |   104 |   122 |   242 |   185 ||   653
       Headbutt          |    16 |    22 |    42 |    89 ||   169
       Hand axe          |       |       |       |   206 ||   206
Evoke: Wand              |       |       |       |     1 ||     1
  Use: Scroll            |       |     1 |       |    16 ||    17
       Potion            |       |       |       |     2 ||     2
  Eat: Chunk             |     2 |     5 |     2 |    12 ||    21
       Bread ration      |       |       |     1 |       ||     1
Armor: Scale mail        |    33 |    30 |    93 |    94 ||   250
Dodge: Dodged            |    21 |    20 |    75 |   100 ||   216
Block: Shield            |    97 |    97 |   255 |   357 ||   806
       Reflection        |     1 |     2 |    14 |     6 ||    23
